 Dungeon Sprint DCSS version 0.27-a0-686-gaed091b46b (webtiles) character file.

Game seed: 6952202740151018589

105 mhtbhm the Covered (level 4, -2/44 (45) HPs)
             Began as a Minotaur Fighter on Mar 20, 2021.
             Was a Believer of Trog.
             Slain by a wight
             ... wielding a +0 trident
              (4 damage)
             ... in the Dungeon (Sprint VII: "The Pits").
             The game lasted 00:00:29 (260 turns).

mhtbhm the Covered (Minotaur Fighter)                Turns: 260, Time: 00:00:30

HP:   -2/44 (45)    AC:  7    Str: 22    XL:     4   Next: 53%
MP:   3/3           EV:  8    Int:  5    God:    Trog [**....]
Gold: 0             SH: 10    Dex:  9    Spells: 3/3 levels left

rFire    . . .     SeeInvis .   a - +2 hand axe
rCold    . . .     Faith    .   c - +0 kite shield
rNeg     . . .     Spirit   .   b - +0 scale mail
rPois    .         Reflect  .   (helmet restricted)
rElec    .         Harm     .   (no cloak)
rCorr    .         Rampage  .   (no gloves)
Will     .....     NoTele   +   (no boots)
Stlth    ..........             (no amulet)
HPRegen  0.14/turn              (no ring)
MPRegen  0.08/turn              (no ring)

@: berserk cooldown, slowed, lightly drained, very slow
A: horns 2, retaliatory headbutt
a: Renounce Religion, Berserk, Trog's Hand


You were in the Dungeon.
You worshipped Trog.
Trog was pleased with you.
You visited 1 branch

Inventory:

Hand Weapons
 a - a +2 hand axe (weapon)
Armour
 b - a +0 scale mail (worn)
 c - a +0 kite shield (worn)
Scrolls
 j - a scroll of blinking
 l - a scroll of summoning
Potions
 d - a potion of might
 e - a potion of curing
 f - a potion of heal wounds
 g - a potion of haste
 h - 4 potions of magic
 i - 3 potions of berserk rage
 k - 2 potions of invisibility


   Skills:
 + Level 6.5 Fighting
 + Level 5.6 Axes
 + Level 6.6 Armour
 + Level 0.2 Dodging
 + Level 6.5 Shields


You had 3 spell levels left.
You didn't know any spells.
Your spell library was empty.

Dungeon Overview and Level Annotations

Branches:
Dungeon (1/1)

Altars:
Cheibriados
Dithmenos
Elyvilon
Fedhas
Gozag
Hepliaklqana
Makhleb
Nemelex Xobeh
Okawaru
Qazlal
Ru
Sif Muna
Trog
Vehumet
Wu Jian
Xom
Yredelemnul
Zin
The Shining One
Beogh
Jiyva
Lugonu


Innate Abilities, Weirdness & Mutations

You have a pair of horns on your head.
You reflexively headbutt those who attack you in melee.


Message History

The wight hits you with a +0 flail!
You feel drained.
You barely miss the wight. Your headbutt misses the wight.
The wight is lightly damaged.
The wight hits you with a +0 flail.
You feel drained.
The wight hits you from afar with a +0 trident.
Unknown command.
You closely miss the wight.
The wight is lightly damaged.
You slash the wight!
The wight is severely damaged.
The wight hits you from afar with a +0 trident.
* * * LOW HITPOINT WARNING * * *
You feel drained.
* * * LOW HITPOINT WARNING * * *
You block the wight's attack.
You barely miss the wight.
The wight is severely damaged.
The wight barely misses you. The wight closely misses you.
Unknown command.
You slash the wight!
You destroy the wight!
Trog accepts your kill. The wight hits you but does no damage.
Your life force feels restored.
Your Fighting skill increases to level 6!
Your Axes skill increases to level 5!
Your Armour skill increases to level 6!
You have reached level 4!
You feel stronger.
You barely miss the quokka. Your headbutt misses the quokka.
The quokka bites you but does no damage.
You hit the quokka.
You kill the quokka!
Trog accepts your kill.
You are no longer berserk.
You are exhausted.
You feel yourself slow down.
The wight hits you from afar with a +0 trident!
* * * LOW HITPOINT WARNING * * *
You feel drained.
You die...

______...###########
##########'##.........
#.)(.')))'.##......#..
##########.##.........
#..........)'.........
#+#####†#####......#..
#...#.# #.........
#...#.# ####'#####
#.)@).# #.......#
##)#### #.......# #.z.
#.......# #...z
#...<...# #...g.
#.......# #....zz
#.......# ########
#.......# #########


You could see a wight.

Vanquished Creatures
  2 wights (D)
  A gnoll (D)
  An ooze (D)
  An adder zombie (D)
  A leopard gecko (D)
  A hobgoblin (D)
  A kobold (D)
  A quokka (D)
  A frilled lizard (D)
10 creatures vanquished.

Notes
Turn   | Place    | Note
-------+----------+-------------------------------------------
     0 | D        | mhtbhm the Minotaur Fighter began the quest for the Orb.
     0 | D        | Reached XP level 1. HP: 19/19 MP: 0/0
    15 | D        | Reached XP level 2. HP: 16/28 MP: 1/1
   149 | D        | Found a bloodstained altar of Trog.
   149 | D        | Found a shimmering blue altar of Sif Muna.
   149 | D        | Found a viscous altar of Jiyva.
   149 | D        | Found a hazy altar of Hepliaklqana.
   149 | D        | Found an opulent altar of Gozag.
   150 | D        | Found a glowing golden altar of the Shining One.
   150 | D        | Found a glowing silver altar of Zin.
   150 | D        | Found a basalt altar of Yredelemnul.
   150 | D        | Found a shimmering altar of Xom.
   150 | D        | Found an ornate altar of the Wu Jian Council.
   150 | D        | Found a sacrificial altar of Ru.
   150 | D        | Found a stormy altar of Qazlal.
   150 | D        | Found an iron altar of Okawaru.
   150 | D        | Found a sparkling altar of Nemelex Xobeh.
   150 | D        | Found a burning altar of Makhleb.
   150 | D        | Found a blossoming altar of Fedhas.
   150 | D        | Found a white marble altar of Elyvilon.
   150 | D        | Found a shadowy altar of Dithmenos.
   150 | D        | Found a snail-covered altar of Cheibriados.
   152 | D        | Found a radiant altar of Vehumet.
   152 | D        | Found a corrupted altar of Lugonu.
   154 | D        | Became a worshipper of Trog the Wrathful
   205 | D        | Reached * piety under Trog
   206 | D        | Reached skill level 5 in Armour
   206 | D        | Reached skill level 5 in Shields
   243 | D        | Noticed a wight
   243 | D        | Noticed a wight
   243 | D        | Noticed a wight
   243 | D        | Noticed a wight
   250 | D        | Reached ** piety under Trog
   251 | D        | Killed a wight
   252 | D        | Reached skill level 5 in Fighting
   252 | D        | Reached XP level 3. HP: 37/37 MP: 2/2
   259 | D        | Reached skill level 5 in Axes
   259 | D        | Reached XP level 4. HP: 14/45 MP: 3/3
   260 | D        | HP: 2/45 [wight/+0 trident (8)]
   260 | D        | Slain by a wight

Illustrated notes

Levels and vault maps discovered:
D:        pitsprint [storerooms_1, entrance_room_1, metal_vault_4, armoury_2,
          mini_pit_1, grid_room_1, main_hall_1, silver_pit, the_coven_3,
          the_vestibule_1, steel_vault_2, golden_pit, hallway_of_sentries,
          crystal_vault_4, iron_vault_4, final_vault]

Skill      XL: |  1  2  3 |
---------------+----------+-----
Fighting       | 4 5 6 |  6.5
Armour         | 4 5 6 |  6.6
Shields        | 4 6 |  6.5
Axes           | 4 5 |  5.6
Dodging        | |  0.2

Action                   |  1- 3 |  4- 6 || total
-------------------------+-------+-------++-------
Melee: War axe           |     2 |       ||     2
       Hand axe          |    25 |     2 ||    27
       Headbutt          |     1 |       ||     1
Invok: Berserk           |     1 |       ||     1
Armor: Scale mail        |     6 |     1 ||     7
Dodge: Dodged            |     5 |       ||     5
Block: Kite shield       |     8 |       ||     8

Table legend: (Time is in decaauts)
 A = Elapsed time spent in this place.
 B = Non-inter-level travel time spent in this place.
 C = Inter-level travel time spent in this place.
 D = Time resting spent in this place.
 E = Time spent auto-exploring this place.
 F = Levels seen in this place.
 G = Mean time per level.
                   A        B        C        D        E       F      G
               +--------+--------+--------+--------+--------+-----+--------+
         Total |    262 |    262 |      0 |    161 |      0 |   1 |  262.0 |
       Dungeon |    262 |    262 |      0 |    161 |      0 |   1 |  262.0 |
               +--------+--------+--------+--------+--------+-----+--------+

Top non-repeatable levels by time:
       D: 262 daAuts
